[Event "GambitGuide"]
[Site "Internet Chess Club"]
[Date "2014.10.30"]
[Round "1"]
[White "JSBach"]
[Black "Ernie1"]
[Result "1-0"]
[ICCResult "Black resigns"]
[WhiteElo "1651"]
[BlackElo "1381"]
[Opening "Vienna: `Frankenstein-Dracula' variation"]
[ECO "C27"]
[NIC "VG.02"]
[Time "21:37:20"]
[TimeControl "120+12"]

1. e4 e5 2. Nc3 Nf6 3. Bc4 Nxe4 4. Qh5 Nd6 5. Bb3 Nc6 6. Nb5 g6 7. Qf3 f5 8.
Qd5 Qe7 9. Nxc7+ Kd8 10. Nxa8 b6 11. Ba4 Nb4 12. Qb3 Ne4 13. d3 Bb7 14. dxe4
Bxe4 15. Qg3 Bxa8 16. Bg5 {Black resigns} 1-0

[Event "GambitGuide"]
[Site "Internet Chess Club"]
[Date "2014.10.30"]
[Round "1"]
[White "JSBach"]
[Black "LisaTr"]
[Result "1-0"]
[ICCResult "Black checkmated"]
[WhiteElo "1647"]
[BlackElo "1719"]
[Opening "Vienna: `Frankenstein-Dracula' variation"]
[ECO "C27"]
[NIC "VG.02"]
[Time "21:37:52"]
[TimeControl "120+12"]

1. e4 e5 2. Nc3 Nf6 3. Bc4 Nxe4 4. Qh5 Nd6 5. Bb3 Nc6 6. Nb5 g6 7. Qf3 f5 8.
Qd5 Qe7 9. Nxc7+ Kd8 10. Nxa8 b6 11. Ba4 Bb7 12. Nxb6 axb6 13. Qb3 Kc7 14.
Ne2 Nd4 15. Nxd4 exd4+ 16. Kf1 Ba6+ 17. d3 Bg7 18. Bf4 Re8 19. Qb4 Qe2+ 20.
Kg1 Bf8 21. Bb3 Kd8 22. Qxb6+ Kc8 23. Qxa6+ Nb7 24. Qa8# {Black checkmated}
1-0

[Event "GambitGuide"]
[Site "Internet Chess Club"]
[Date "2014.10.30"]
[Round "1"]
[White "JSBach"]
[Black "achessman"]
[Result "1-0"]
[ICCResult "Black resigns"]
[WhiteElo "1647"]
[BlackElo "1714"]
[Opening "Vienna: `Frankenstein-Dracula' variation"]
[ECO "C27"]
[NIC "VG.02"]
[Time "21:36:32"]
[TimeControl "120+12"]

1. e4 e5 2. Nc3 Nf6 3. Bc4 Nxe4 4. Qh5 Nd6 5. Bb3 Nc6 6. Nb5 g6 7. Qf3 f5 8.
Qd5 Qe7 9. Nxc7+ Kd8 10. Nxa8 b6 11. Ba4 Bb7 12. Nxb6 axb6 13. Qb3 Kc7 14.
Ne2 Bg7 15. a3 Rb8 16. d3 Ba8 17. Nc3 Nd4 18. Nd5+ Bxd5 19. Qxd5 b5 20. Qc5+
Kd8 21. Bg5 Bf6 22. Bxf6 Qxf6 23. Bb3 e4 24. Bd5 Qe5 25. O-O-O Nxc2 26. d4
Qf4+ 27. Kxc2 Rc8 28. f3 Rxc5+ 29. dxc5 Nc8 30. Bc6 {Black resigns} 1-0

[Event "GambitGuide"]
[Site "Internet Chess Club"]
[Date "2014.10.30"]
[Round "1"]
[White "JSBach"]
[Black "Grand-Galop"]
[Result "1-0"]
[ICCResult "Black resigns"]
[WhiteElo "1647"]
[BlackElo "1371"]
[Opening "Vienna: `Frankenstein-Dracula' variation"]
[ECO "C27"]
[NIC "VG.02"]
[Time "21:36:28"]
[TimeControl "120+12"]

1. e4 e5 2. Nc3 Nf6 3. Bc4 Nxe4 4. Qh5 Nd6 5. Bb3 Nc6 6. Nb5 g6 7. Qf3 f5 8.
Qd5 Qe7 9. Nxc7+ Kd8 10. Nxa8 b6 11. Ba4 Ba6 12. Bxc6 dxc6 13. Qb3 Qb7 14.
Qe6 Qxa8 15. Qf6+ Kd7 16. Qxh8 c5 17. Qxh7+ Kc6 18. Nf3 Qe8 19. Qxa7 Bb5 20.
a4 Bc4 21. a5 e4 22. Qxb6+ Kd5 23. Ng5 Nb5 24. b3 Nd4 25. bxc4+ Ke5 26. Bb2
Kf4 27. Bxd4 Kxg5 28. Bxc5 Bg7 29. Bd4 Bf8 30. a6 e3 31. a7 exd2+ 32. Kxd2
Qe4 33. a8=Q {Black resigns} 1-0

[Event "GambitGuide"]
[Site "Internet Chess Club"]
[Date "2014.10.30"]
[Round "1"]
[White "JSBach"]
[Black "Ernie1"]
[Result "1-0"]
[ICCResult "Black resigns"]
[WhiteElo "1647"]
[BlackElo "1381"]
[Opening "Vienna: `Frankenstein-Dracula' variation"]
[ECO "C27"]
[NIC "VG.02"]
[Time "21:39:03"]
[TimeControl "120+12"]

1. e4 e5 2. Nc3 Nf6 3. Bc4 Nxe4 4. Qh5 Nd6 5. Bb3 Nc6 6. Nb5 g6 7. Qf3 f5 8.
Qd5 Qe7 9. Nxc7+ Kd8 10. Nxa8 b6 11. Ba4 Bb7 12. Nxb6 Nd4 13. Qa5 axb6 14.
Qxb6+ Ke8 15. Kf1 Qg5 16. f3 e4 17. Qxd4 exf3 18. Qe5+ Kd8 19. Nxf3 Bxf3 20.
gxf3 Be7 21. Qxh8+ {Black resigns} 1-0

[Event "GambitGuide"]
[Site "Internet Chess Club"]
[Date "2014.10.30"]
[Round "1"]
[White "JSBach"]
[Black "carro"]
[Result "1-0"]
[ICCResult "Black resigns"]
[WhiteElo "1647"]
[BlackElo "1203"]
[Opening "Vienna: `Frankenstein-Dracula' variation"]
[ECO "C27"]
[NIC "VG.02"]
[Time "21:38:10"]
[TimeControl "120+12"]

1. e4 e5 2. Nc3 Nf6 3. Bc4 Nxe4 4. Qh5 Nd6 5. Bb3 Nc6 6. Nb5 g6 7. Qf3 f5 8.
Qd5 Qe7 9. Nxc7+ Kd8 10. Nxa8 b6 11. Ba4 Nb4 12. Qb3 Nc6 13. Nxb6 axb6 14.
Qxb6+ Ke8 15. Bxc6 dxc6 16. Qxc6+ Bd7 17. Qd5 Bg7 18. b4 e4 19. Rb1 Nb5 20.
Ne2 Qe6 21. Qxe6+ Bxe6 22. Bb2 Kf7 23. a4 Nd6 24. Bxg7 Kxg7 25. a5 Rb8 26.
a6 Nb5 27. Nc3 Bc4 28. Nxb5 Bxb5 29. Ra1 Ra8 30. a7 Kf7 31. Ra5 Bc4 32. b5
Ke7 33. b6 Bd5 34. Rxd5 {Black resigns} 1-0

[Event "GambitGuide"]
[Site "Internet Chess Club"]
[Date "2014.10.30"]
[Round "1"]
[White "JSBach"]
[Black "MrZippy"]
[Result "1-0"]
[ICCResult "Black resigns"]
[WhiteElo "1647"]
[BlackElo "1506"]
[Opening "Vienna: `Frankenstein-Dracula' variation"]
[ECO "C27"]
[NIC "VG.02"]
[Time "21:38:50"]
[TimeControl "120+12"]

1. e4 e5 2. Nc3 Nf6 3. Bc4 Nxe4 4. Qh5 Nd6 5. Bb3 Nc6 6. Nb5 g6 7. Qf3 f5 8.
Qd5 Qe7 9. Nxc7+ Kd8 10. Nxa8 b6 11. Ba4 Bb7 12. Nxb6 axb6 13. Qb3 Qe6 14.
Qxb6+ Ke8 15. Bb3 Qe7 16. Bd5 Nc8 17. Qxb7 Qd8 18. Bxc6 dxc6 19. Qxc6+ Qd7
20. Qxd7+ Kxd7 21. a4 Bg7 22. b4 e4 23. Rb1 Nd6 24. Bb2 Bxb2 25. Rxb2 Nc4
26. Rb1 Rd8 27. a5 Kc6 28. Rd1 Kb5 29. c3 f4 30. Ne2 e3 31. Nd4+ Ka6 32. b5+
Kxa5 33. Nc6+ Kxb5 34. Nxd8 Nxd2 35. Ne6 Ne4 36. Rb1+ Kc4 37. Rb4+ Kd3 38.
Nxf4+ Kxc3 39. Rxe4 exf2+ 40. Kxf2 {Black resigns} 1-0

[Event "GambitGuide"]
[Site "Internet Chess Club"]
[Date "2014.10.30"]
[Round "1"]
[White "JSBach"]
[Black "brainstorm01"]
[Result "1-0"]
[ICCResult "Black resigns"]
[WhiteElo "1647"]
[BlackElo "1989"]
[Opening "Vienna: `Frankenstein-Dracula' variation"]
[ECO "C27"]
[NIC "VG.02"]
[Time "21:41:18"]
[TimeControl "120+12"]

1. e4 e5 2. Nc3 Nf6 3. Bc4 Nxe4 4. Qh5 Nd6 5. Bb3 Nc6 6. Nb5 g6 7. Qf3 f5 8.
Qd5 Qe7 9. Nxc7+ Kd8 10. Nxa8 b6 11. Ba4 Nb4 12. Qb3 Ne4 13. d3 Nf6 14. a3
Nc6 15. Nxb6 axb6 16. Qxb6+ Ke8 17. Bxc6 dxc6 18. Qxc6+ Bd7 19. Qc7 Bg7 20.
Bg5 Kf7 21. Nf3 Rc8 22. Nxe5+ Kg8 23. Bxf6 Bxf6 24. Qxd7 Qxe5+ 25. Kd1 Re8
26. h3 Qe2+ 27. Kc1 Bg5+ 28. Kb1 Qxf2 29. Qxe8+ Kg7 30. Qc6 {Black resigns}
1-0

[Event "GambitGuide"]
[Site "Internet Chess Club"]
[Date "2014.10.30"]
[Round "1"]
[White "JSBach"]
[Black "Ernie1"]
[Result "1-0"]
[ICCResult "Black resigns"]
[WhiteElo "1647"]
[BlackElo "1381"]
[Opening "Vienna: `Frankenstein-Dracula' variation"]
[ECO "C27"]
[NIC "VG.02"]
[Time "21:41:48"]
[TimeControl "120+12"]

1. e4 e5 2. Nc3 Nf6 3. Bc4 Nxe4 4. Qh5 Nd6 5. Bb3 Nc6 6. Nb5 g6 7. Qf3 f5 8.
Qd5 Qe7 9. Nxc7+ Kd8 10. Nxa8 b6 11. Ba4 Qg5 12. d3 f4 13. Ne2 Nb4 14. Bxf4
Nxd5 15. Bxg5+ {Black resigns} 1-0

[Event "GambitGuide"]
[Site "Internet Chess Club"]
[Date "2014.10.30"]
[Round "1"]
[White "JSBach"]
[Black "zigzag2002"]
[Result "0-1"]
[ICCResult "White checkmated"]
[WhiteElo "1647"]
[BlackElo "1937"]
[Opening "Vienna: `Frankenstein-Dracula' variation"]
[ECO "C27"]
[NIC "VG.02"]
[Time "21:41:52"]
[TimeControl "120+12"]

1. e4 e5 2. Nc3 Nf6 3. Bc4 Nxe4 4. Qh5 Nd6 5. Bb3 Nc6 6. Nb5 g6 7. Qf3 f5 8.
Qd5 Qe7 9. Nxc7+ Kd8 10. Nxa8 b6 11. Ba4 Bb7 12. Nxb6 axb6 13. Qb3 Kc7 14.
Ne2 Na5 15. Qg3 Bg7 16. c3 Nac4 17. O-O e4 18. Re1 Ne5 19. Nd4 h5 20. Bb3 h4
21. Qe3 Bh6 22. Qe2 h3 23. gxh3 Bf4 24. Kg2 Qg5+ 25. Kf1 Rxh3 26. d3 Nxd3
27. Be3 Rxh2 28. Qd2 Qg2+ 29. Ke2 Qxf2+ 30. Bxf2 Rxf2+ 31. Kd1 Rxd2#
{White checkmated}
0-1

[Event "GambitGuide"]
[Site "Internet Chess Club"]
[Date "2014.10.30"]
[Round "1"]
[White "JSBach"]
[Black "zigzag2002"]
[Result "1-0"]
[ICCResult "Black resigns"]
[WhiteElo "1647"]
[BlackElo "1937"]
[Opening "Vienna: `Frankenstein-Dracula' variation"]
[ECO "C27"]
[NIC "VG.02"]
[Time "21:42:55"]
[TimeControl "120+12"]

1. e4 e5 2. Nc3 Nf6 3. Bc4 Nxe4 4. Qh5 Nd6 5. Bb3 Nc6 6. Nb5 g6 7. Qf3 f5 8.
Qd5 Qe7 9. Nxc7+ Kd8 10. Nxa8 b6 11. Ba4 Bb7 12. Nxb6 axb6 13. Qb3 Kc7 14.
Ne2 Na5 15. Qg3 Bg7 16. d3 h5 17. Qxg6 {Black resigns} 1-0

[Event "GambitGuide"]
[Site "Internet Chess Club"]
[Date "2014.10.30"]
[Round "1"]
[White "JSBach"]
[Black "carro"]
[Result "1-0"]
[ICCResult "Black resigns"]
[WhiteElo "1647"]
[BlackElo "1203"]
[Opening "Vienna: `Frankenstein-Dracula' variation"]
[ECO "C27"]
[NIC "VG.02"]
[Time "21:40:50"]
[TimeControl "120+12"]

1. e4 e5 2. Nc3 Nf6 3. Bc4 Nxe4 4. Qh5 Nd6 5. Bb3 Nc6 6. Nb5 g6 7. Qf3 f5 8.
Qd5 Qe7 9. Nxc7+ Kd8 10. Nxa8 b6 11. Ba4 Bb7 12. Nxb6 axb6 13. Qb3 Nc8 14.
Ne2 Bg7 15. Bb5 Ke8 16. O-O Qe6 17. Qxe6+ dxe6 18. Re1 Kf7 19. f3 Rd8 20. c3
Rd5 21. Bc4 Rd7 22. d3 Na5 23. Bb5 Rc7 24. Be3 Bc6 25. Ba6 Bb7 26. Bxb7 Nxb7
27. Rad1 Bf8 28. Kf2 Bc5 29. a3 Na5 30. Bxc5 Rxc5 31. b4 {Black resigns} 1-0

[Event "GambitGuide"]
[Site "Internet Chess Club"]
[Date "2014.10.30"]
[Round "1"]
[White "JSBach"]
[Black "Ernie1"]
[Result "1-0"]
[ICCResult "Black checkmated"]
[WhiteElo "1647"]
[BlackElo "1381"]
[Opening "Vienna: `Frankenstein-Dracula' variation"]
[ECO "C27"]
[NIC "VG.02"]
[Time "21:42:35"]
[TimeControl "120+12"]

1. e4 e5 2. Nc3 Nf6 3. Bc4 Nxe4 4. Qh5 Nd6 5. Bb3 Nc6 6. Nb5 g6 7. Qf3 f5 8.
Qd5 Qe7 9. Nxc7+ Kd8 10. Nxa8 b6 11. Ba4 Bb7 12. Nxb6 axb6 13. Qb3 Kc7 14.
Ne2 Nd4 15. Nxd4 exd4+ 16. Kf1 Qe4 17. f3 Qh4 18. Qb4 Ne4 19. Qc4+ Bc6 20.
fxe4 Bh6 21. Qxd4 Re8 22. d3 fxe4 23. Bxh6 Qxh6 24. Bxc6 Qf4+ 25. Kg1 e3 26.
Qxd7+ Kb8 27. Qb7# {Black checkmated} 1-0

[Event "GambitGuide"]
[Site "Internet Chess Club"]
[Date "2014.10.30"]
[Round "1"]
[White "JSBach"]
[Black "rabbismoli"]
[Result "1-0"]
[ICCResult "Black resigns"]
[WhiteElo "1647"]
[BlackElo "1610"]
[Opening "Vienna: `Frankenstein-Dracula' variation"]
[ECO "C27"]
[NIC "VG.02"]
[Time "21:42:17"]
[TimeControl "120+12"]

1. e4 e5 2. Nc3 Nf6 3. Bc4 Nxe4 4. Qh5 Nd6 5. Bb3 Nc6 6. Nb5 g6 7. Qf3 f5 8.
Qd5 Qe7 9. Nxc7+ Kd8 10. Nxa8 b6 11. Ba4 Bb7 12. Nxb6 axb6 13. Qb3 Nc8 14.
Ne2 Qe6 15. Qxe6 dxe6 16. Nc3 Bb4 17. Nb5 Ke7 18. c3 Bd6 19. O-O N8a7 20.
Nxd6 Kxd6 21. f3 b5 22. Bc2 Na5 23. a4 Nc4 24. d3 Nb6 25. a5 Nd7 26. Be3 Ra8
27. Rfd1 Nc6 28. b4 f4 29. Bf2 g5 30. Kf1 h5 31. Rac1 g4 32. fxg4 hxg4 33.
Bb3 Nf6 34. Bc5+ Kd7 35. c4 Ba6 36. cxb5 Bxb5 37. Bc4 Bxc4 38. dxc4+ Ke8 39.
Rd6 Nd4 40. Bxd4 exd4 41. Rxe6+ Kf7 42. Rd6 Rb8 43. b5 Re8 44. a6 Ne4 45.
Rxd4 g3 46. Rxe4 Rxe4 47. b6 {Black resigns} 1-0

[Event "GambitGuide"]
[Site "Internet Chess Club"]
[Date "2014.10.30"]
[Round "1"]
[White "JSBach"]
[Black "zigzag2002"]
[Result "1-0"]
[ICCResult "Black resigns"]
[WhiteElo "1647"]
[BlackElo "1937"]
[Opening "Vienna: `Frankenstein-Dracula' variation"]
[ECO "C27"]
[NIC "VG.02"]
[Time "21:43:10"]
[TimeControl "120+12"]

1. e4 e5 2. Nc3 Nf6 3. Bc4 Nxe4 4. Qh5 Nd6 5. Bb3 Nc6 6. Nb5 g6 7. Qf3 f5 8.
Qd5 Qe7 9. Nxc7+ Kd8 10. Nxa8 b6 11. Ba4 Bb7 12. Nxb6 axb6 13. Qb3 Kc7 14.
Ne2 Na5 15. Qg3 Bg7 16. c3 e4 17. a3 Nc4 18. O-O Ne5 19. Nd4 h5 20. Re1 h4
21. Qe3 Bh6 22. f4 Ng4 23. Qf3 exf3 24. Rxe7 f2+ 25. Kf1 Ba6+ 26. d3 Bxd3+
27. Ne2 Ne4 28. Rxe4 fxe4 29. h3 e3 30. hxg4 Bxf4 31. Bc2 Bc4 32. b3 Ba6 33.
Bxg6 h3 34. gxh3 Rxh3 35. Be4 Bb7 36. Nxf4 Rg3 37. Ne2 Rh3 38. Bxe3 Rxe3 39.
Bxb7 Kxb7 40. Kxf2 {Black resigns} 1-0

[Event "GambitGuide"]
[Site "Internet Chess Club"]
[Date "2014.10.30"]
[Round "1"]
[White "JSBach"]
[Black "brainstorm01"]
[Result "1-0"]
[ICCResult "Black resigns"]
[WhiteElo "1647"]
[BlackElo "1989"]
[Opening "Vienna: `Frankenstein-Dracula' variation"]
[ECO "C27"]
[NIC "VG.02"]
[Time "21:42:45"]
[TimeControl "120+12"]

1. e4 e5 2. Nc3 Nf6 3. Bc4 Nxe4 4. Qh5 Nd6 5. Bb3 Nc6 6. Nb5 g6 7. Qf3 f5 8.
Qd5 Qe7 9. Nxc7+ Kd8 10. Nxa8 b6 11. Ba4 Bb7 12. Nxb6 axb6 13. Qb3 Kc7 14.
Ne2 Ne4 15. d3 Nc5 16. Qa3 Qf6 17. Bb5 Qd6 18. b4 Nxb4 19. Kd1 Ne4 20. Rf1
Qd5 21. Bc4 Qd6 22. c3 Nxd3 23. Qxd6+ {Black resigns} 1-0

[Event "GambitGuide"]
[Site "Internet Chess Club"]
[Date "2014.10.30"]
[Round "1"]
[White "JSBach"]
[Black "zigzag2002"]
[Result "0-1"]
[ICCResult "White checkmated"]
[WhiteElo "1647"]
[BlackElo "1937"]
[Opening "Vienna: `Frankenstein-Dracula' variation"]
[ECO "C27"]
[NIC "VG.02"]
[Time "21:44:31"]
[TimeControl "120+12"]

1. e4 e5 2. Nc3 Nf6 3. Bc4 Nxe4 4. Qh5 Nd6 5. Bb3 Nc6 6. Nb5 g6 7. Qf3 f5 8.
Qd5 Qe7 9. Nxc7+ Kd8 10. Nxa8 b6 11. Ba4 Bb7 12. Nxb6 axb6 13. Qb3 Kc7 14.
Ne2 Na5 15. Qg3 Bg7 16. c3 e4 17. O-O Nc4 18. Re1 Ne5 19. Nd4 h5 20. Kf1 h4
21. Qe3 Ba6+ 22. Kg1 Bh6 23. f4 Ng4 24. Qf3 exf3 25. Nxf3 Qf7 26. d4 Re8 27.
Rd1 Re2 28. Nxh4 Ne4 29. Nf3 Qc4 30. Bb3 Rxg2+ 31. Kxg2 Qe2+ 32. Kg1 Qxf3
33. Be3 Qxe3+ 34. Kh1 Qf3+ 35. Kg1 Qe3+ 36. Kh1 Nef2+ 37. Kg1 Nh3+ 38. Kg2
Qf2+ 39. Kxh3 Qxh2# {White checkmated} 0-1

[Event "GambitGuide"]
[Site "Internet Chess Club"]
[Date "2014.10.30"]
[Round "1"]
[White "JSBach"]
[Black "achessman"]
[Result "1-0"]
[ICCResult "Black forfeits on time"]
[WhiteElo "1647"]
[BlackElo "1714"]
[Opening "Vienna: `Frankenstein-Dracula' variation"]
[ECO "C27"]
[NIC "VG.02"]
[Time "21:41:00"]
[TimeControl "120+12"]

1. e4 e5 2. Nc3 Nf6 3. Bc4 Nxe4 4. Qh5 Nd6 5. Bb3 Nc6 6. Nb5 g6 7. Qf3 f5 8.
Qd5 Qe7 9. Nxc7+ Kd8 10. Nxa8 b6 11. Ba4 Bb7 12. Nxb6 axb6 13. Qb3 Kc7 14.
Ne2 Ne4 15. Qb5 Bg7 16. O-O Ra8 17. Re1 Ra5 18. Qc4 Ba6 19. Qb3 Nc5 20. Qh3
Rxa4 21. Nc3 Rd4 22. Qxh7 Rh4 23. Qxg6 {Black forfeits on time} 1-0

[Event "GambitGuide"]
[Site "Internet Chess Club"]
[Date "2014.10.30"]
[Round "1"]
[White "JSBach"]
[Black "SlimeDog2"]
[Result "1-0"]
[ICCResult "Black resigns"]
[WhiteElo "1647"]
[BlackElo "1846"]
[Opening "Vienna: `Frankenstein-Dracula' variation"]
[ECO "C27"]
[NIC "VG.02"]
[Time "21:42:46"]
[TimeControl "120+12"]

1. e4 e5 2. Nc3 Nf6 3. Bc4 Nxe4 4. Qh5 Nd6 5. Bb3 Nc6 6. Nb5 g6 7. Qf3 f5 8.
Qd5 Qe7 9. Nxc7+ Kd8 10. Nxa8 b6 11. Ba4 Bb7 12. Nxb6 axb6 13. Qb3 Kc7 14.
Ne2 Bg7 15. Nc3 Nd4 16. Nd5+ Bxd5 17. Qxd5 Ne4 18. d3 Qb4+ 19. c3 Nxc3 20.
Qxd7+ Kb8 21. Qxg7 {Black resigns} 1-0

[Event "GambitGuide"]
[Site "Internet Chess Club"]
[Date "2014.10.30"]
[Round "1"]
[White "JSBach"]
[Black "FreeIreland"]
[Result "0-1"]
[ICCResult "White checkmated"]
[WhiteElo "1647"]
[BlackElo "1314"]
[Opening "Vienna: `Frankenstein-Dracula' variation"]
[ECO "C27"]
[NIC "VG.02"]
[Time "21:41:15"]
[TimeControl "120+12"]

1. e4 e5 2. Nc3 Nf6 3. Bc4 Nxe4 4. Qh5 Nd6 5. Bb3 Nc6 6. Nb5 g6 7. Qf3 f5 8.
Qd5 Qe7 9. Nxc7+ Kd8 10. Nxa8 b6 11. Ba4 Bb7 12. Nxb6 axb6 13. Qb3 Kc7 14.
Ne2 Bg7 15. Nc3 Nd4 16. Nd5+ Bxd5 17. Qxd5 b5 18. Bb3 Qg5 19. Qc5+ Nc6 20.
O-O f4 21. Bd5 Nf5 22. Qxb5 Rb8 23. Qc5 Bf8 24. Qc4 Rb4 25. Qa6 Rb6 26. Qc4
Rb4 27. Qa6 f3 28. Bxf3 Nh4 29. Bd5 e4 30. Bxe4 Rxe4 31. g3 Nf3+ 32. Kh1 Qh5
33. h4 Rxh4+ 34. gxh4 Qxh4+ 35. Kg2 Qg4+ 36. Kh1 Qh3# {White checkmated} 0-1

[Event "GambitGuide"]
[Site "Internet Chess Club"]
[Date "2014.10.30"]
[Round "1"]
[White "JSBach"]
[Black "zigzag2002"]
[Result "1-0"]
[ICCResult "Black resigns"]
[WhiteElo "1647"]
[BlackElo "1937"]
[Opening "Vienna: `Frankenstein-Dracula' variation"]
[ECO "C27"]
[NIC "VG.02"]
[Time "21:45:25"]
[TimeControl "120+12"]

1. e4 e5 2. Nc3 Nf6 3. Bc4 Nxe4 4. Qh5 Nd6 5. Bb3 Nc6 6. Nb5 g6 7. Qf3 f5 8.
Qd5 Qe7 9. Nxc7+ Kd8 10. Nxa8 b6 11. Ba4 Bb7 12. Nxb6 axb6 13. Qb3 Kc7 14.
Ne2 Na5 15. Qh3 Bg7 16. d3 h5 17. Qg3 Qe6 18. Qg5 Bh6 19. Qh4 Bxg2 20. Rg1
Bf3 21. Bxh6 Rxh6 22. Qg5 Nf7 23. Qe3 Bd5 24. Nc3 Bb7 25. Bb5 Nd6 26. Qxh6
e4 27. Rxg6 Qe5 28. Qg7 Qxh2 29. Qxd7+ Kb8 30. Qxd6+ {Black resigns} 1-0

[Event "GambitGuide"]
[Site "Internet Chess Club"]
[Date "2014.10.30"]
[Round "1"]
[White "JSBach"]
[Black "MrZippy"]
[Result "1-0"]
[ICCResult "Black resigns"]
[WhiteElo "1647"]
[BlackElo "1506"]
[Opening "Vienna: `Frankenstein-Dracula' variation"]
[ECO "C27"]
[NIC "VG.02"]
[Time "21:43:27"]
[TimeControl "120+12"]

1. e4 e5 2. Nc3 Nf6 3. Bc4 Nxe4 4. Qh5 Nd6 5. Bb3 Nc6 6. Nb5 g6 7. Qf3 f5 8.
Qd5 Qe7 9. Nxc7+ Kd8 10. Nxa8 b6 11. Ba4 Bb7 12. Nxb6 axb6 13. Qb3 Kc7 14.
Ne2 Ne4 15. Qb5 Qc5 16. O-O Qxb5 17. Bxb5 Bc5 18. d3 Nd6 19. Ba4 b5 20. Bb3
e4 21. dxe4 Nxe4 22. a4 Ba6 23. axb5 Bxb5 24. c4 Rb8 25. cxb5 Rxb5 26. Bc4
Rb7 27. Bd5 Ra7 28. Rxa7+ Nxa7 29. Bxe4 fxe4 30. Nc3 {Black resigns} 1-0

[Event "GambitGuide"]
[Site "Internet Chess Club"]
[Date "2014.10.30"]
[Round "1"]
[White "JSBach"]
[Black "pasha"]
[Result "1-0"]
[ICCResult "Black checkmated"]
[WhiteElo "1647"]
[BlackElo "2104"]
[Opening "Vienna: `Frankenstein-Dracula' variation"]
[ECO "C27"]
[NIC "VG.02"]
[Time "21:45:22"]
[TimeControl "120+12"]

1. e4 e5 2. Nc3 Nf6 3. Bc4 Nxe4 4. Qh5 Nd6 5. Bb3 Nc6 6. Nb5 g6 7. Qf3 f5 8.
Qd5 Qe7 9. Nxc7+ Kd8 10. Nxa8 b6 11. Ba4 Bb7 12. Nxb6 axb6 13. Qb3 Kc7 14.
Ne2 Ne4 15. Qb5 Nc5 16. O-O h5 17. Nc3 Nd4 18. Qc4 Qd6 19. Re1 h4 20. b4 h3
21. bxc5 bxc5 22. Rb1 hxg2 23. Nb5+ Nxb5 24. Qxb5 Bc8 25. Qa5+ Qb6 26. Qxb6#
{Black checkmated}
1-0

[Event "GambitGuide"]
[Site "Internet Chess Club"]
[Date "2014.10.30"]
[Round "1"]
[White "JSBach"]
[Black "Cupid11"]
[Result "1-0"]
[ICCResult "Black resigns"]
[WhiteElo "1647"]
[BlackElo "1919"]
[Opening "Vienna: `Frankenstein-Dracula' variation"]
[ECO "C27"]
[NIC "VG.02"]
[Time "21:45:43"]
[TimeControl "120+12"]

1. e4 e5 2. Nc3 Nf6 3. Bc4 Nxe4 4. Qh5 Nd6 5. Bb3 Nc6 6. Nb5 g6 7. Qf3 f5 8.
Qd5 Qe7 9. Nxc7+ Kd8 10. Nxa8 b6 11. Ba4 Bb7 12. Nxb6 axb6 13. Qb3 Kc7 14.
Ne2 b5 15. Bxb5 Nxb5 16. Qxb5 Qc5 17. Qxc5 Bxc5 18. a4 Nb4 19. O-O Nxc2 20.
Rb1 Ba6 21. b4 Nxb4 22. Bb2 Nd3 23. Bc3 d5 24. g3 d4 25. Ba1 Nb4 26. Rfc1
Kd6 27. Kf1 Nd5 28. Rb3 Ra8 29. d3 Bc8 30. Rb5 Ba3 31. Bb2 Bxb2 32. Rxb2 Bd7
33. Rcb1 Rxa4 34. f3 Ra3 35. Nc1 Nc3 36. Rb6+ Kc7 37. Rb7+ Kd6 38. R1b6+ Ke7
39. Kf2 Nd5 40. Rb5 Kd6 41. Rxd5+ Kxd5 42. Rxd7+ Ke6 43. Rb7 Rc3 44. Rb6+
Kd5 45. Rb5+ Kd6 46. Rb1 h5 47. h4 {Black resigns} 1-0

[Event "GambitGuide"]
[Site "Internet Chess Club"]
[Date "2014.10.30"]
[Round "1"]
[White "JSBach"]
[Black "achessman"]
[Result "0-1"]
[ICCResult "White checkmated"]
[WhiteElo "1647"]
[BlackElo "1714"]
[Opening "Vienna: `Frankenstein-Dracula' variation"]
[ECO "C27"]
[NIC "VG.02"]
[Time "21:46:19"]
[TimeControl "120+12"]

1. e4 e5 2. Nc3 Nf6 3. Bc4 Nxe4 4. Qh5 Nd6 5. Bb3 Nc6 6. Nb5 g6 7. Qf3 f5 8.
Qd5 Qe7 9. Nxc7+ Kd8 10. Nxa8 b6 11. Ba4 Ba6 12. Bxc6 Bc4 13. Qf3 e4 14.
Bxe4 Nxe4 15. Qe3 Qf6 16. Qf4 Bd6 17. Qf3 g5 18. d3 Re8 19. dxe4 Rxe4+ 20.
Kd1 Qd4+ 21. Bd2 Bf4 22. Qc3 Qxf2 23. Qh8+ Ke7 24. Qxh7+ Kd6 25. Qg6+ Re6
26. Bb4+ Kc6 27. Qxe6+ dxe6 28. Nxb6 axb6 29. Ba5 bxa5 30. g3 Qd2#
{White checkmated}
0-1

[Event "GambitGuide"]
[Site "Internet Chess Club"]
[Date "2014.10.30"]
[Round "1"]
[White "JSBach"]
[Black "pasha"]
[Result "1-0"]
[ICCResult "Black resigns"]
[WhiteElo "1647"]
[BlackElo "2104"]
[Opening "Vienna: `Frankenstein-Dracula' variation"]
[ECO "C27"]
[NIC "VG.02"]
[Time "21:49:19"]
[TimeControl "120+12"]

1. e4 e5 2. Nc3 Nf6 3. Bc4 Nxe4 4. Qh5 Nd6 5. Bb3 Nc6 6. Nb5 g6 7. Qf3 f5 8.
Qd5 Qe7 9. Nxc7+ Kd8 10. Nxa8 b6 11. Ba4 Bb7 12. Nxb6 axb6 13. Qb3 Kc7 14.
Ne2 Qg5 15. Qg3 Qf6 16. Nc3 Nd4 17. O-O h5 18. Re1 h4 19. Qxe5 {Black
resigns} 1-0

[Event "GambitGuide"]
[Site "Internet Chess Club"]
[Date "2014.10.30"]
[Round "1"]
[White "JSBach"]
[Black "Cupid11"]
[Result "1-0"]
[ICCResult "Black resigns"]
[WhiteElo "1647"]
[BlackElo "1919"]
[Opening "Vienna: `Frankenstein-Dracula' variation"]
[ECO "C27"]
[NIC "VG.02"]
[Time "21:48:50"]
[TimeControl "120+12"]

1. e4 e5 2. Nc3 Nf6 3. Bc4 Nxe4 4. Qh5 Nd6 5. Bb3 Nc6 6. Nb5 g6 7. Qf3 f5 8.
Qd5 Qe7 9. Nxc7+ Kd8 10. Nxa8 b6 11. Ba4 Bb7 12. Nxb6 axb6 13. Qb3 Kc7 14.
Ne2 b5 15. Bxb5 Nxb5 16. Qxb5 Qc5 17. Qxc5 Bxc5 18. a4 Nb4 19. Kd1 Bxg2 20.
Rg1 Bf3 21. Ra3 e4 22. Rc3 Kb6 23. a5+ Kb5 24. Rf1 Nd5 25. Rb3+ Kxa5 26. d3
exd3 27. Rxd3 Be4 28. Bd2+ Kb6 29. Rb3+ Kc6 30. f3 {Black resigns} 1-0

[Event "GambitGuide"]
[Site "Internet Chess Club"]
[Date "2014.10.30"]
[Round "1"]
[White "JSBach"]
[Black "MrZippy"]
[Result "1-0"]
[ICCResult "Black resigns"]
[WhiteElo "1647"]
[BlackElo "1506"]
[Opening "Vienna: `Frankenstein-Dracula' variation"]
[ECO "C27"]
[NIC "VG.02"]
[Time "21:47:27"]
[TimeControl "120+12"]

1. e4 e5 2. Nc3 Nf6 3. Bc4 Nxe4 4. Qh5 Nd6 5. Bb3 Nc6 6. Nb5 g6 7. Qf3 f5 8.
Qd5 Qe7 9. Nxc7+ Kd8 10. Nxa8 b6 11. Ba4 b5 12. Bxb5 Nxb5 13. Qxb5 Qc5 14.
Qxc5 Bxc5 15. c3 Bb7 16. d4 Bd6 17. dxe5 Bxe5 18. Bg5+ Kc8 19. f4 Bd6 20.
O-O-O Bc5 21. Bf6 Be3+ 22. Rd2 Rf8 23. Bg7 Rf7 24. Be5 Nxe5 25. fxe5 Bxg2
26. e6 dxe6 27. Nc7 Kxc7 28. Nf3 Bxh1 29. Ne5 Rf8 30. Kd1 Bxd2 31. Kxd2 Kd6
32. Nc4+ Kd5 33. Ne3+ Ke4 34. b3 Rd8+ 35. Kc2 Rd3 36. Nd1 Rh3 37. Nf2+ Kf3
38. Nxh3 Bg2 39. Ng5+ Kf4 40. Nxe6+ Ke5 41. Nf8 Be4+ 42. Kd2 g5 43. Nxh7 f4
44. Nxg5 Kf5 45. h4 Bc6 46. Ke2 Kg4 47. c4 Kxh4 48. Ne6 Kg4 49. Kf2 Kf5 50.
Nd4+ Ke4 51. Nxc6 Kd3 52. Kf3 Kc3 53. Kxf4 Kb2 54. Nxa7 Kxa2 55. c5 Kxb3 56.
c6 Kb4 57. c7 {Black resigns} 1-0